 Dungeon Crawl Stone Soup version 0.22.1-1-ga44c0e5 (webtiles) character file.

67 leisz the Digger (level 4, -9/25 HPs)
             Began as a Gargoyle Earth Elementalist on Oct 4, 2018.
             Was a Follower of Uskayaw.
             Mangled by Sigmund
             ... wielding a +5 scythe of flaming
              (10 damage)
             ... on level 2 of the Dungeon on Oct 5, 2018.
             The game lasted 00:05:10 (1390 turns).

leisz the Digger (Gargoyle Earth Elementalist)      Turns: 1390, Time: 00:05:10

Health: -9/25      AC:  7    Str:  8 (11) XL:     4   Next: 18%
Magic:  6/7        EV:  9    Int: 16 (17) God:    Uskayaw [*.....]
Gold:   58         SH:  6    Dex:  7 (10) Spells: 7/8 levels left

rFire    . . .     SeeInvis .   k - +0 whip (curse)
rCold    . . .     Gourm    .   s - +0 shield
rNeg     + . .     Faith    +   c - +0 robe
rPois    ∞         Spirit   .   j - +0 helmet
rElec    +         Reflect  .   (no cloak)
rCorr    .         Harm     .   t - +0 pair of gloves
MR       .....                  (no boots)
Stlth    ++........             g - amulet of faith
HPRegen  0.08/turn              (no ring)
MPRegen  0.10/turn              (no ring)

@: no status effects
A: negative energy resistance 1, electricity resistance, unbreathing,
petrification resistance, rot immunity, AC +3
a: Stomp, Renounce Religion


You were on level 2 of the Dungeon.
You worshipped Uskayaw.
Uskayaw was noncommittal.
You were not hungry.

You visited 1 branch of the dungeon, and saw 2 of its levels.

You collected 58 gold pieces.

Inventory:

Hand Weapons
 f - a +0 short sword
 k - a cursed +0 whip (weapon)
 r - a +1 short sword of flaming
Missiles
 b - 57 stones (quivered)
 i - a throwing net
Armour
 c - a +0 robe (worn)
 j - a +0 helmet (worn)
 s - a +0 shield (worn)
 t - a +0 pair of gloves (worn)
Jewellery
 g - an amulet of faith (around neck)
Scrolls
 l - a scroll of random uselessness {unknown}
 m - a scroll of immolation {unknown}
 n - a scroll of blinking {unknown}
 o - a scroll of enchant armour {unknown}
Potions
 a - a potion of brilliance {unknown}
 e - a potion of lignification {unknown}
 h - a potion of heal wounds {unknown}
 p - a potion of degeneration
Comestibles
 d - a ration
 q - 7 chunks of flesh


   Skills:
 + Level 1.4 Fighting
 - Level 1.8 Dodging
 - Level 2.6 Stealth
 * Level 1.1 Shields
 + Level 2.6 Spellcasting
   Level 0.7 Transmutations
 + Level 4.3 Earth Magic


You had 7 spell levels left.
You knew the following spells:

 Your Spells              Type           Power        Failure   Level  Hunger
a - Sandblast             Erth           ###...       21%         1    #......

Your spell library contained the following spells:

 Spells                   Type           Power        Failure   Level  Hunger
 Passwall                 Tmut/Erth      ##......     52%         2    ##.....
 Stone Arrow              Conj/Erth      #.....       82%         3    ###....
 Petrify                  Tmut/Erth      ##......     99%         4    #####..
 Lee's Rapid Deconstruct  Erth           ###.......   99%         5    ######.


Dungeon Overview and Level Annotations

Branches:
Dungeon (2/15)

Altars:
Kikubaaqudgha
Uskayaw

Annotations:
D:2 Sigmund


Innate Abilities, Weirdness & Mutations

You are resistant to torment.
Your stone body is resilient. (AC +3)
You are immune to poison.
You resist negative energy. (rN+)
You are resistant to electric shocks. (rElec)
You can survive without breathing.
You are immune to petrification.
You are immune to rotting.


Message History

A magic dart appears from out of thin air!
The magic dart hits you!
You are confused.
You can no longer pass through a line of other dancers.
A magic dart appears from out of thin air!
The magic dart hits you!
Something tries to affect you, but you resist.
Something hits you!
* * * LOW HITPOINT WARNING * * *
Something burns you.
* * * LOW HITPOINT WARNING * * *
You feel less confused.
You miss something.
Your shield prevents you from hitting something.
You block something's attack.
It was a potion of degeneration.
There was something very wrong with that liquid.
You feel weakened.
You feel dopey.
You feel clumsy. Something hits you!
You die...

#.........'_###.....#....
#.#####.###'###.....#....
##.# #.# #..........
#..###.###..######.#
#..................#
####......###....######
.......................
#.#######...###....######
#......{@................
#########..(###....######
##### ###.## #.. ##


There were no monsters in sight!

Vanquished Creatures
  2 adders (D:2)
  3 dart slugs
  A leopard gecko (D:2)
  A ball python (D:2)
  3 giant cockroaches
  4 goblins
  2 hobgoblins
  3 jackals (D:2)
  11 kobolds
  A quokka (D:2)
  3 bats
  4 frilled lizards
  3 rats (D:2)
41 creatures vanquished.

Notes
Turn   | Place    | Note
-------+----------+-------------------------------------------
     0 | D:1      | leisz the Gargoyle Earth Elementalist began the quest for
                  | the Orb.
     0 | D:1      | Reached XP level 1. HP: 10/10 MP: 3/3
   283 | D:1      | Reached XP level 2. HP: 12/15 MP: 5/5
   737 | D:1      | Reached skill level 4 in Earth Magic
   830 | D:2      | Reached XP level 3. HP: 16/20 MP: 4/6
   861 | D:2      | Reached skill level 1 in Fighting
  1040 | D:2      | Found an ancient bone altar of Kikubaaqudgha.
  1105 | D:2      | Reached XP level 4. HP: 16/25 MP: 1/7
  1222 | D:2      | Found a hide-covered altar of Uskayaw.
  1231 | D:2      | Reached skill level 1 in Shields
  1365 | D:2      | Became a worshipper of Uskayaw the Reveler
  1373 | D:2      | Noticed Sigmund
  1376 | D:2      | Reached * piety under Uskayaw
  1377 | D:2      | Reached ** piety under Uskayaw
  1386 | D:2      | HP: 1/25 [something (2)]
  1390 | D:2      | Mangled by Sigmund

Skill      XL: |  1  2  3  4 |
---------------+-------------+-----
Earth Magic    | 4 |  4.3
Fighting       | 1 |  1.4
Shields        | 1 |  1.1
Dodging        | |  1.8
Stealth        | |  2.6
Spellcasting   | |  2.6
Transmutations | |  0.7

Action                   |  1- 3 |  4- 6 || total
-------------------------+-------+-------++-------
Melee: Short sword       |    17 |       ||    17
       Unarmed           |     3 |       ||     3
       Whip              |    40 |    23 ||    63
 Cast: Sandblast         |    35 |     7 ||    42
  Use: Potion            |       |     1 ||     1
 Stab: Sleeping          |     1 |     1 ||     2
  Eat: Chunk             |     1 |     1 ||     2
Armor: Robe              |    26 |     9 ||    35
Dodge: Dodged            |    48 |     9 ||    57
Block: Shield            |    33 |    10 ||    43
